 Dungeon Crawl Stone Soup version 0.30.1-4-g462c640d31 (webtiles) character file.

Game seed: 10504969921389601181

255845 dondy the Impregnable (level 17, -20/182 (190) HPs)
             Began as a Minotaur Gladiator on Aug 17, 2023.
             Was the Champion of Ru.
             Demolished by a +5 eveningstar of electrocution (22 damage)
             ... on level 2 of the Elven Halls on Aug 18, 2023.
             The game lasted 02:34:59 (45691 turns).

dondy the Impregnable (Minotaur Gladiator)         Turns: 45691, Time: 02:35:00

HP:   -20/182 (190) AC: 28    Str: 26    XL:     17   Next: 5%
MP:   0/16          EV: 10    Int:  5    God:    Ru [******]
Gold: 1672          SH:  5    Dex: 13    Spells: 16/16 levels left

rFire   . . .        a - +4 lajatang (vamp)
rCold   + + .        (shield currently unavailable)
rNeg    . . .        p - +0 plate armour {Will+}
rPois   .            c - +0 hat
rElec   .            y - +2 cloak {rC+}
rCorr   .            (no gloves)
SInv    .            O - +0 pair of boots
Will    +....        G - amulet of reflection Stlth
                     t - +4 ring of slaying
HPRegen 0.50/turn    I - ring of protection from cold
MPRegen 0.15/turn

%: reflection
@: about to teleport, attractive, lightly drained
A: horns 2, screaming 1, hated by all, weak-willed 1, disrupted magic 1,
inexperienced 2, retaliatory headbutt
}: 2/15 runes: decaying, serpentine
a: Renounce Religion, Draw Out Power, Power Leap, Apocalypse


You were on level 2 of the Elven Halls.
You worshipped Ru.
Ru was exalted by your worship.
You visited 7 branches of the dungeon, and saw 33 of its levels.
You also visited: Ice Cave.

You collected 3819 gold pieces.
You spent 2147 gold pieces at shops.

Inventory:

Hand Weapons
 a - a +4 vampiric lajatang (weapon)
 b - a +2 lajatang of speed
Missiles
 d - 9 throwing nets
 e - 21 javelins (quivered)
 i - 5 curare-tipped darts
 E - 5 boomerangs of dispersal
Armour
 c - a +0 hat (worn)
 p - a +0 plate armour of willpower (worn)
 r - a +2 scale mail of fire resistance
 v - a scarf of shadows
 y - a +2 cloak of cold resistance (worn)
 z - a +2 plate armour of fire resistance
 O - a +0 pair of boots (worn)
 Q - +0 swamp dragon scales
Jewellery
 o - a ring of fire
 t - a +4 ring of slaying (left hand)
 D - a +5 ring of evasion
 F - a ring of protection from fire
 G - an amulet of reflection (around neck)
 I - a ring of protection from cold (right hand)
Wands
 x - a wand of flame (9)
 H - a wand of iceblast (21)
 J - a wand of acid (8)
 L - a wand of paralysis (1)
 N - a wand of digging (4)
Scrolls
 g - 2 scrolls of magic mapping
 k - 6 scrolls of fear
 l - 17 scrolls of teleportation
 w - 11 scrolls of identify
 A - 9 scrolls of fog
 B - 3 scrolls of silence
 P - a scroll of acquirement
 T - a scroll of brand weapon
 Y - 4 scrolls of blinking
Potions
 f - 12 potions of curing
 h - 4 potions of haste
 j - 8 potions of attraction
 m - 6 potions of might
 n - 7 potions of flight
 q - 4 potions of heal wounds
 u - a potion of brilliance
 C - 3 potions of ambrosia
 K - 3 potions of berserk rage
 M - 2 potions of resistance
 R - 2 potions of mutation
 S - 4 potions of magic
 W - 3 potions of invisibility
Miscellaneous
 s - a condenser vane


   Skills:
 + Level 26.6 Fighting
 - Level 14.0 Staves
 - Level 6.0 Throwing
 + Level 26.7 Armour
 - Level 4.0 Dodging


You had 16 spell levels left.
You didn't know any spells.
Your spell library contained the following spells:

 Spells                   Type           Power      Damage    Failure   Level
 Beastly Appendage        Tmut           0%         N/A       90%         1
 Freeze                   Ice            0%         1d3       90%         1
 Cigotuvi's Dreadful Rot  Necr/Pois/Air  0%         N/A       97%         2
 Ensorcelled Hibernation  Hex/Ice        0%         N/A       97%         2
 Passwall                 Tmut/Erth      0%         N/A       97%         2
 Sublimation of Blood     Necr           0%         N/A       97%         2
 Wereblood                Tmut           0%         N/A       97%         2
 Dazzling Flash           Conj/Hex       0%         N/A       99%         3
 Frozen Ramparts          Ice            0%         1d1       99%         3
 Gell's Gravitas          Tloc           0%         N/A       99%         3
 Hailstorm                Conj/Ice       0%         3d3       99%         3
 Ignite Poison            Fire/Tmut/Pois 0%         N/A       99%         3
 Inner Flame              Hex/Fire       0%         N/A       99%         3
 Ozocubu's Armour         Ice            0%         N/A       99%         3
 Spider Form              Tmut/Pois      0%         N/A       99%         3
 Swiftness                Air            0%         N/A       99%         3
 Teleport Other           Tloc           0%         N/A       99%         3
 Vhi's Electric Charge    Tloc/Air       0%         N/A       99%         3
 Volatile Blastmotes      Fire/Tloc      0%         2d10      99%         3
 Dispel Undead            Necr           0%         3d6       100%        4
 Flame Wave               Conj/Fire      0%         2d4       100%        4
 Fulminant Prism          Conj/Hex       0%         3d5       100%        4
 Ice Form                 Ice/Tmut       0%         N/A       100%        4
 Iskenderun's Mystic Bla  Conj/Tloc      0%         2d3       100%        4
 Leda's Liquefaction      Hex/Erth       0%         N/A       100%        4
 Sticky Flame             Conj/Fire      0%         2d3       100%        4
 Arcjolt                  Conj/Air       0%         1d10      100%        5
 Blade Hands              Tmut           0%         N/A       100%        5
 Freezing Cloud           Conj/Ice/Air   0%         6-21      100%        5
 Iskenderun's Battlesphe  Conj           0%         2d6       100%        5
 Lee's Rapid Deconstruct  Erth           0%         3d4*      100%        5
 Metabolic Englaciation   Hex/Ice        0%         N/A       100%        5
 Dispersal                Tloc           0%         N/A       100%        6
 Iron Shot                Conj/Erth      0%         9d1       100%        6
 Starburst                Conj/Fire      0%         6d3       100%        6
 Statue Form              Tmut/Erth      0%         N/A       100%        6
 Ozocubu's Refrigeration  Ice            0%         4d7       100%        7
 Maxwell's Capacitive Co  Air            0%         ∞         100%        8
 Summon Small Mammal      Summ           Unusable   N/A       N/A         1
 Call Canine Familiar     Summ           Unusable   N/A       N/A         3
 Summon Guardian Golem    Hex/Summ       Unusable   N/A       N/A         3
 Animate Armour           Summ/Erth      Unusable   N/A       N/A         4
 Summon Ice Beast         Ice/Summ       Unusable   N/A       N/A         4
 Death Channel            Necr           Unusable   N/A       N/A         6
 Simulacrum               Ice/Necr       Unusable   N/A       N/A         6
 Summon Hydra             Summ           Unusable   N/A       N/A         7

Dungeon Overview and Level Annotations

Branches:
Dungeon (15/15)            Temple (0/1) D:5            Lair (5/5) D:8
  Swamp (4/4) Lair:2        Snake (4/4) Lair:3        Slime (0/5) Lair:4
    Orc (2/2) D:9             Elf (2/3) Orc:2        Vaults (0/5) D:13
 Depths (1/4) D:15          IceCv (visited)

Altars:
Cheibriados
Dithmenos
Gozag
Kikubaaqudgha
Okawaru
Qazlal
Ru
Vehumet
Xom
Zin
The Shining One

Shops:
D:7 =   Orc:2 ?*(   Elf:1 (   Elf:2 *   Snake:4 ([(*

Portals:
Trove: D:12 (show slimy rune of Zot)

Annotations:
Swamp:2 1 exclusion
Swamp:4 exclusion: 3 oklob plants
Elf:2 Louise


Innate Abilities, Weirdness & Mutations

You have a pair of horns on your head.
You occasionally shout uncontrollably at your foes.
You are hated by all.
You are slightly weak-willed. (Will-)
Your casting is slightly disrupted.
You are inexperienced. (-2 XL)
You reflexively headbutt those who attack you in melee.


Message History

The +2 battleaxe of electrocution is attracted toward you.
The deep elf pyromancer is attracted toward you.
The deep elf knight is attracted toward you.
The deep elf zephyrmancer is attracted toward you.
A deep elf knight comes into view. It is wielding a +0 scimitar.
Unknown command.
You slice Louise!!
Louise is severely wounded.
You hear some strange, mumbled words.
A lance of force appears from out of thin air!
The lance of force hits you!
You are knocked back by the lance of force.
You slam into the metal wall!
The deep elf knight hits you with a +0 short sword.
You focus your inner power and slow the deep elf knight in retribution!
The +1 antimagic lajatang hits you.
You feel your power leaking away.
The +4 mace of protection hits you but does no damage.
The +5 eveningstar of electrocution is stunned by your conviction and fails to attack.
Something hits you but does no damage.
You slice Louise!!
Louise is almost dead.
The +1 antimagic lajatang hits you!
You feel your power leaking away.
The deep elf knight begins to cast a spell, but is stunned by your conviction!
Louise points at you and mumbles some strange words.
The stone arrow hits you!!
* * * LOW HITPOINT WARNING * * *
You redirect the deep elf knight's attack!
The deep elf knight closely misses itself.
The deep elf zephyrmancer gestures wildly while chanting.
The deep elf zephyrmancer blinks!
The +4 mace of protection hits you.
* * * LOW HITPOINT WARNING * * *
Something hits you.
* * * LOW HITPOINT WARNING * * *
The +1 antimagic lajatang hits you!
* * * LOW HITPOINT WARNING * * *
You feel your power leaking away.
The +5 eveningstar of electrocution hits you!!
You die...

##...######)#..........
.........##..#........#..
..).#######...#......#...
..).# #....#....#.§..
###)# ##..))#..#..... #)#
##....##....§. #.#
##.).)##e§.... ###)####
#...e#@(#§.... ...)...#
#....#@((.# . .......#
#...#({(e.§# ......(#
#..#..((...§# .......#
#.#..........#
.......#####........§...#
.......#.# #............#
.........# #............#
.....#...# .#..........#.
####.....#


You could see Louise, 2 deep elf knights, a deep elf pyromancer and 7 dancing
weapons.

Vanquished Creatures
  A tentacled monstrosity (Swamp:1)
  5 thorn hunters (Swamp:4)
  Roxanne (Swamp:3)
  Kirke (Lair:4)
  Donald (Orc:1)
  Agnes (Snake:1)
  2 nagarajas
  2 azure jellies (Elf:1)
  A fenstrider witch (Swamp:3)
  Aizul (Snake:1)
  A fire giant (D:15)
  A frost giant (IceCv)
  3 ghouls (Swamp:2)
  A stone giant (Depths:1)
  2 vampire knights (Swamp:4)
  A deep elf demonologist (Elf:1)
  An eleionoma (Swamp:2)
  A bunyip (Swamp:2)
  A spark wasp (D:15)
  2 dire elephants
  Snorg (D:11)
  Josephine (D:10)
  2 shambling mangroves (Swamp:4)
  A vault guard (D:13)
  4 salamander tyrants (Snake:4)
  8 hydras
  2 ghost crabs
  2 catoblepae
  14 anacondas
  4 boulder beetles
  18 dancing weapons
  2 centaur warriors
  4 two-headed ogres
  A deep troll shaman (Lair:5)
  8 death yaks
  8 alligators
  12 naga sharpshooters
  19 naga warriors
  Urug (Lair:4)
  2 orc high priests (Orc:2)
  A vampire mage (D:15)
  9 shock serpents
  Sonja (Orc:1)
  2 skysharks
  8 deep elf knights
  3 goliath frogs
  6 salamander mystics (Snake:4)
  4 skeletal warriors
  A golden dragon zombie (D:15)
  Lodul (D:10)
  9 swamp dragons
  A glowing orange brain (shapeshifter) (Elf:2)
  3 spriggan druids
  2 spectral hydras (Swamp:4)
  3 wizards
  3 lindwurms
  A phantasmal warrior (Swamp:4)
  4 naga ritualists
  4 orc knights
  A tengu zombie (D:15)
  28 deep elf pyromancers
  2 deep elf archers
  12 bog bodies
  3 necromancers
  17 deep elf zephyrmancers
  A fire giant zombie (D:15)
  An orc sorcerer (Orc:1)
  18 ugly things
  An oklob plant (Lair:2)
  A frost giant zombie (D:15)
  11 mana vipers
  6 cyclopes
  3 manticores
  6 will-o-the-wisps
  23 elephants
  42 black mambas
  19 salamanders
  9 guardian serpents
  9 naga magi
  7 spectral spriggans (Swamp:2)
  3 ice statues
  12 cane toads
  An unseen horror (D:12)
  3 rime drakes
  A guardian mummy (D:15)
  2 rime drakes (shapeshifter)
  A freezing wraith (Swamp:2)
  A yaktaur (D:13)
  2 efreet
  5 komodo dragons
  A kobold demonologist (D:10)
  2 anaconda simulacra (Elf:1)
  A burning bush (Lair:4)
  2 trolls
  A meliai (shapeshifter) (Elf:2)
  A death drake zombie (Swamp:4)
  2 bloated husks
  4 tyrant leeches
  4 hydra zombies (Swamp:4)
  14 polar bears
  2 hydra skeletons (Swamp:4)
  5 hornets
  12 blink frogs
  2 death drake skeletons (Swamp:4)
  A shapeshifter (Lair:5)
  16 slime creatures
  A slime creature (shapeshifter) (Elf:1)
  3 spriggans
  2 shadows (D:9)
  An air elemental (Elf:2)
  6 wraiths
  Eustachio (D:4)
  8 wyverns
  A basilisk (D:13)
  2 fire elementals (Elf:1)
  20 humans
  58 yaks
  2 hogs (Lair:3)
  37 nagas
  5 vampire mosquitoes
  Menkaure (D:5)
  4 wargs (Orc:2)
  8 swamp worms
  11 water moccasins
  2 acid dragons
  4 hydra simulacra (Swamp:4)
  Duvessa (D:5)
  39 orc warriors
  12 swamp drakes
  A sky beast (D:6)
  3 black bears (Lair:5)
  2 ice beasts
  A swamp dragon zombie (Swamp:4)
  A fire dragon simulacrum (Elf:1)
  14 ogres
  19 wolves
  3 boggarts (D:14)
  27 centaurs
  A swamp dragon skeleton (Swamp:4)
  A phantom (D:3)
  Blork the orc (D:4)
  4 earth elementals
  9 bullfrogs
  2 gnoll sergeants
  3 scorpions
  9 wights
  Dowan (D:5)
  9 killer bees
  2 electric eels
  4 howler monkeys
  A crimson imp (D:3)
  15 orc priests
  3 hounds
  A jelly (D:4)
  Ijyb (D:3)
  Crazy Yiuf (D:7)
  An iguana (D:6)
  14 orc wizards
  2 troll simulacra (Elf:1)
  12 adders
  8 gnolls
  2 naga simulacra (Elf:1)
  An ufetubus (D:5)
  3 worms
  3 dart slugs
  68 orcs
  7 ball pythons
  2 endoplasms
  5 giant cockroaches
  7 hobgoblins
  8 jackals
  8 kobolds
  4 quokkas
  5 bats
  5 frilled lizards
  8 goblins
  3 goblin skeletons (D:3)
  A hobgoblin zombie (D:3)
  A kobold zombie (D:3)
  An orc skeleton (D:3)
  An orc zombie (D:3)
  A rat (D:3)
1080 creatures vanquished.

Vanquished Creatures (others)
  3 hydras
  An alligator (Swamp:1)
  A naga sharpshooter (Snake:3)
  A deep elf knight (Elf:2)
  A deep elf archer (Elf:1)
  An elephant (Lair:4)
  A black mamba (Snake:1)
  A guardian serpent (Snake:4)
  A cane toad (Lair:5)
  2 polar bears (IceCv)
  2 bloated husks (Swamp:2)
  A blink frog (Lair:3)
  An orc warrior (D:9)
  A wolf (IceCv)
  2 centaurs
  A bullfrog (D:9)
  A wight (D:9)
  A troll simulacrum (Elf:1)
  A worm (D:12)
  An orc (Orc:1)
  A rat (D:2)
  20 foxfires
46 creatures vanquished.

Grand Total: 1126 creatures vanquished

Notes
Turn   | Place    | Note
-------+----------+-------------------------------------------
     0 | D:1      | dondy the Minotaur Gladiator began the quest for the Orb.
     0 | D:1      | Reached XP level 1. HP: 18/18 MP: 0/0
   249 | D:1      | Reached XP level 2. HP: 23/25 MP: 1/1
   695 | D:2      | Reached skill level 1 in Armour
   786 | D:2      | Reached XP level 3. HP: 30/31 MP: 2/2
   811 | D:2      | Found a faded altar of an unknown god.
   824 | D:2      | Prayed at the altar of an unknown god.
   824 | D:2      | Became a worshipper of Ru the Awakened
   834 | D:2      | Gained mutation: You are somewhat inexperienced. (-1 XL)
                  | [Ru sacrifice]
   834 | D:2      | Reached XP level 2. HP: 26/26 MP: 1/1
   834 | D:2      | Reached * piety under Ru
  1374 | D:2      | Reached XP level 3. HP: 31/31 MP: 2/2
  1464 | D:3      | Noticed a phantom
  1475 | D:3      | Killed a phantom
  1476 | D:3      | Reached skill level 5 in Staves
  1476 | D:3      | Reached XP level 4. HP: 24/38 MP: 3/3
  1659 | D:3      | Found a glowing golden altar of the Shining One.
  1707 | D:3      | Noticed Ijyb
  1718 | D:3      | Killed Ijyb
  2543 | D:4      | Got the Spellbook of Frore Assaults
  2571 | D:4      | Noticed Blork the orc
  2576 | D:4      | Killed Blork the orc
  2577 | D:4      | Reached XP level 5. HP: 37/45 MP: 4/4
  2742 | D:4      | Gained mutation: You occasionally shout uncontrollably at
                  | your foes. [Ru sacrifice]
  2850 | D:4      | Noticed Eustachio
  2859 | D:4      | Killed Eustachio
  2860 | D:4      | Reached XP level 6. HP: 49/51 MP: 5/5
  2928 | D:4      | Found a stormy altar of Qazlal.
  2995 | D:4      | Found a sacrificial altar of Ru.
  3262 | D:4      | Found an opulent altar of Gozag.
  3487 | D:5      | Entered Level 5 of the Dungeon
  3551 | D:5      | Noticed Menkaure
  3565 | D:5      | Killed Menkaure
  3566 | D:5      | Reached skill level 5 in Armour
  3917 | D:5      | Reached XP level 7. HP: 55/57 MP: 6/6
  4078 | D:5      | Noticed Duvessa
  4084 | D:5      | Killed Duvessa
  4085 | D:5      | Noticed Dowan
  4106 | D:5      | Killed Dowan
  4177 | D:5      | Reached skill level 10 in Staves
  4386 | D:5      | Found a staircase to the Ecumenical Temple.
  5070 | D:6      | Reached XP level 8. HP: 63/63 MP: 7/7
  5109 | D:6      | Gained mutation: Your casting is slightly disrupted. [Ru
                  | sacrifice]
  5109 | D:6      | Reached ** piety under Ru
  5337 | D:6      | Found a glowing silver altar of Zin.
  6251 | D:7      | Found a radiant altar of Vehumet.
  6376 | D:7      | Found Relerecho's Jewellery Emporium.
  6549 | D:7      | Found a runed translucent door.
  6550 | D:7      | Noticed Crazy Yiuf
  6556 | D:7      | Killed Crazy Yiuf
  6779 | D:8      | Found a basalt altar of Yredelemnul.
  6881 | D:8      | Found a staircase to the Lair.
  7657 | D:9      | Reached XP level 9. HP: 52/69 MP: 8/8
  7690 | D:9      | Reached skill level 10 in Armour
  7821 | D:9      | Found a staircase to the Orcish Mines.
  8050 | D:9      | Identified the +5 long sword of Ytwugeru {heavy, rC+ rN+
                  | Str+4}
  8331 | D:9      | Noticed a two-headed ogre
  8362 | D:9      | Killed a two-headed ogre
  8654 | D:9      | Found a shimmering altar of Xom.
  8955 | D:10     | Entered Level 10 of the Dungeon
  9123 | D:10     | Reached skill level 5 in Fighting
  9292 | D:10     | Reached XP level 10. HP: 84/84 MP: 9/9
  9370 | D:10     | Found a shadowy altar of Dithmenos.
  9372 | D:10     | Noticed a two-headed ogre
  9387 | D:10     | Killed a two-headed ogre
  9420 | D:10     | Found an iron altar of Okawaru.
  9510 | D:10     | Noticed Lodul
  9571 | D:10     | Found a snail-covered altar of Cheibriados.
  9772 | D:10     | Noticed Josephine
  9809 | D:10     | Killed Josephine
  9820 | D:10     | Killed Lodul
 10275 | D:11     | Noticed Snorg
 10290 | D:11     | Killed Snorg
 11025 | D:12     | Gained mutation: You are hated by all. [Ru sacrifice]
 11025 | D:12     | Reached *** piety under Ru
 11130 | D:12     | Noticed a boulder beetle
 11150 | D:12     | Killed a boulder beetle
 11166 | D:12     | Reached skill level 15 in Armour
 11172 | D:12     | Reached skill level 10 in Fighting
 11285 | D:12     | Found a portal to a secret trove of treasure.
 11292 | D:12     | Noticed a green ugly thing
 11305 | D:12     | Killed a green ugly thing
 11485 | D:12     | Found a snail-covered altar of Cheibriados.
 11995 | Lair:1   | Entered Level 1 of the Lair of Beasts
 12005 | Lair:1   | Noticed a boulder beetle
 12015 | Lair:1   | Killed a boulder beetle
 12053 | Lair:1   | Reached XP level 11. HP: 101/101 MP: 10/10
 13389 | Lair:2   | Found a staircase to the Swamp.
 13487 | Lair:2   | Gained mutation: You are slightly weak-willed. (Will-) [Ru
                  | sacrifice]
 13487 | Lair:2   | Reached **** piety under Ru
 13487 | Lair:2   | Reached ***** piety under Ru
 13831 | Lair:2   | Identified the +5 arbalest "Yjamisyv" {freeze, Fragile
                  | Str+6 Stlth+}
 13832 | Lair:2   | Identified the +3 spear "Weinegai" {pain, Str+3 Stlth+}
 14303 | Lair:3   | Found a staircase to the Snake Pit.
 14895 | Lair:3   | Reached XP level 12. HP: 116/116 MP: 11/11
 15371 | Lair:4   | Noticed Kirke
 15629 | Lair:4   | Killed Kirke
 15925 | Lair:4   | Reached skill level 15 in Fighting
 16130 | Lair:4   | Gained mutation: You are inexperienced. (-2 XL) [Ru
                  | sacrifice]
 16130 | Lair:4   | Reached XP level 11. HP: 113/113 MP: 10/10
 16130 | Lair:4   | Reached ****** piety under Ru
 16293 | Lair:4   | Noticed a dire elephant
 16320 | Lair:4   | Killed a dire elephant
 16476 | Lair:4   | Found a staircase to the Slime Pits.
 16527 | Lair:4   | Noticed Urug
 16545 | Lair:4   | Killed Urug
 17048 | Lair:5   | Entered Level 5 of the Lair of Beasts
 17323 | Lair:5   | Reached skill level 5 in Throwing
 17323 | Lair:5   | Reached XP level 12. HP: 110/125 MP: 11/11
 19222 | D:13     | Found a frozen archway.
 19315 | IceCv    | Entered an ice cave
 19660 | IceCv    | Noticed a frost giant
 19680 | IceCv    | Killed a frost giant
 19743 | IceCv    | Identified the staff of poison "Fotto" {rPois rF- rN+
                  | Str+6}
 19749 | IceCv    | Got the Dissertation on Hoarfrost
 20913 | D:13     | Reached XP level 13. HP: 124/138 MP: 12/12
 21127 | D:13     | Identified the +1 ring mail of Vuvevvusso {rPois}
 21520 | D:13     | Found a gate to the Vaults.
 22163 | D:14     | Identified the +3 whip of Quosiod {drain, rPois Dex+4}
 22664 | D:15     | Entered Level 15 of the Dungeon
 22831 | D:15     | Found a staircase to the Depths.
 24156 | Orc:1    | Entered Level 1 of the Orcish Mines
 24309 | Orc:1    | Noticed Sonja
 24323 | Orc:1    | Killed Sonja
 24618 | Orc:2    | Entered Level 2 of the Orcish Mines
 24618 | Orc:2    | Noticed Donald
 24636 | Orc:1    | Killed Donald
 24844 | Orc:2    | Found a staircase to the Elven Halls.
 25982 | Orc:2    | Found Fakequm's Weapon Emporium.
 25982 | Orc:2    | Found Gyicabb's Assorted Antiques.
 25984 | Orc:2    | Found Mig Myu's Magic Scroll Shop.
 25986 | Orc:2    | Found Ucetuoxa's Magic Scroll Shoppe.
 25993 | Orc:2    | Bought a scroll of enchant weapon for 112 gold pieces
 25998 | Orc:2    | Bought 2 scrolls of brand weapon for 266 gold pieces
 26098 | Orc:2    | Bought a scroll of enchant weapon for 105 gold pieces
 26098 | Orc:2    | Bought a scroll of teleportation for 42 gold pieces
 26098 | Orc:2    | Bought a scroll of identify for 28 gold pieces
 26098 | Orc:2    | Bought a scroll of enchant armour for 105 gold pieces
 26098 | Orc:2    | Bought a scroll of blinking for 105 gold pieces
 26098 | Orc:2    | Bought a scroll of identify for 28 gold pieces
 26098 | Orc:2    | Bought a scroll of blinking for 105 gold pieces
 26098 | Orc:2    | Bought a scroll of torment for 133 gold pieces
 26098 | Orc:2    | Bought a scroll of fear for 56 gold pieces
 26104 | Orc:2    | Bought a scroll of identify for 66 gold pieces
 26111 | Orc:2    | Bought a scroll of identify for 30 gold pieces
 26112 | Orc:2    | Bought a scroll of identify for 30 gold pieces
 26306 | Snake:1  | Entered Level 1 of the Snake Pit
 26652 | Snake:1  | Reached XP level 14. HP: 125/151 MP: 13/13
 27009 | Snake:1  | Noticed Aizul
 27027 | Snake:1  | Killed Aizul
 28019 | Snake:1  | Noticed Agnes
 28033 | Snake:1  | Killed Agnes
 29894 | Snake:2  | You fall into a shaft and drop 1 floor!
 32334 | Snake:4  | Entered Level 4 of the Snake Pit
 32528 | Snake:4  | Found Irile's Armour Shoppe.
 32532 | Snake:4  | Found Gaxo's Antique Weapon Emporium.
 32533 | Snake:4  | Found Voan's General Store.
 32941 | Snake:4  | Reached XP level 15. HP: 162/163 MP: 14/14
 33026 | Snake:4  | Found Olelerphi's Weapon Emporium.
 34987 | Snake:4  | Got a serpentine rune of Zot
 35297 | Swamp:1  | Entered Level 1 of the Swamp
 35718 | Swamp:1  | Noticed a tentacled monstrosity
 35746 | Swamp:1  | Killed a tentacled monstrosity
 36191 | Swamp:1  | Identified a scroll of acquirement
 36206 | Swamp:1  | Acquired a +2 lajatang of speed
 38424 | Swamp:3  | Reached XP level 16. HP: 172/178 MP: 15/15
 38485 | Swamp:3  | Noticed Roxanne
 38925 | Swamp:4  | Entered Level 4 of the Swamp
 40803 | Swamp:4  | Got a decaying rune of Zot
 41096 | Swamp:3  | Killed Roxanne
 41526 | Depths:1 | Entered Level 1 of the Depths
 41631 | Depths:1 | Noticed a caustic shrike
 42230 | Elf:1    | Entered Level 1 of the Elven Halls
 42350 | Elf:1    | Found Zines's Antique Weapon Shoppe.
 43796 | Elf:1    | Got the Thoughts on Firn
 44313 | Elf:2    | Found Meq Wite's General Store.
 44359 | Elf:2    | Bought a scroll of acquirement for 936 gold pieces
 44697 | Elf:2    | Paralysed by an air elemental for 1 turns
 44828 | Elf:2    | Found an ancient bone altar of Kikubaaqudgha.
 44963 | Elf:2    | Identified the +3 long sword of Ukkareor {protect, rPois}
 45468 | Elf:2    | Found a runed translucent gate.
 45468 | Elf:2    | Found a runed translucent gate.
 45468 | Elf:2    | Found a runed translucent gate.
 45626 | Elf:2    | Reached XP level 17. HP: 190/190 MP: 16/16
 45670 | Elf:2    | Noticed Louise
 45691 | Elf:2    | HP: 2/182 [+1 antimagic lajatang (17)]
 45691 | Elf:2    | Demolished by a +5 eveningstar of electrocution

Illustrated notes

Levels and vault maps discovered:
D:1:      eino_arrival_cavern_a, layout_basic, minmay_misc_feat_tower
D:2:      layout_basic, dreamdust_ecumenical_altar_grove,
          kennysheep_generic_room_13
D:3:      layout_basic, nicolae_tso_besieged_by_evil, uniq_ijyb
D:4:      layout_gridville, nicolae_gozag_cash_rules_everything_around_me,
          kennysheep_mini_moat, nicolae_ru_sacrificial_ziggurat, uniq_eustachio,
          uniq_blork_the_orc
D:5:      layout_basic, temple_green, minmay_small_thing, uniq_duvessa,
          uniq_menkaure
D:6:      layout_loops_ring, zin_scriptorium, roderic_lattice_a,
          reono_crystal_passage
D:7:      layout_cave_pools, vehumet_crystals, serial_shops,
          nicolae_shop_hallway_plus, lemuel_flame_loot_1,
          uniq_crazy_yiuf_cottage
D:8:      layout_loops_ring, mainiacjoe_overflow_alcove_1, lair_entry_dummy
D:9:      layout_long_grid, xom_confusion_cloud, david_orc_4
D:10:     nicolae_cairo_tiling_large, layout_irregular_city,
          nicolae_dithmenos_through_a_glass_darkly,
          mainiacjoe_overflow_alcove_4, okawaru_altar_gauntlet_db, uniq_lodul,
          uniq_josephine
D:11:     layout_basic, serial_corexii_hall, corexii_hall_statues_t,
          corexii_hall_statues_i, corexii_hall_statues_deadend,
          corexii_hall_statues_x, palyth_stone_intersect, uniq_snorg
D:12:     layout_long_grid, nicolae_trove_entry_crossroad, drop_trap,
          slow_altar_2
D:13:     layout_loops_cross, grunt_vaults_entry_tiered,
          portal_ice_cave_entry_pillars_2, billiards_dpeg
D:14:     layout_rooms, nicolae_two_hexagons
D:15:     gammafunk_depths_entry_grave, layout_basic, grunt_ministairs_13
Lair:1:   layout_long_grid
Lair:2:   layout_hall_layers, nicolae_swamp_entry_splash_gauntlet,
          minmay_lair_oklob_items, grunt_megastairs_3
Lair:3:   layout_gridlike, dummy_snake_entry, grunt_megastairs_4,
          serial_bayou_shore_b, infiniplex_staircase_pool_2
Lair:4:   mu_elephants_graveyard, layout_loops_ring, slime_entry_1,
          minivault_27, evilmike_ambush [evilmike_ambush_outer_doors,
          evilmike_ambush_inner_basic], uniq_urug, uniq_kirke
Lair:5:   grunt_lair_end_beastmaster, layout_small_grid, serial_bayou_shore_a,
          lemuel_fruit_tree, grunt_megastairs_5
Swamp:1:  cheibrodos_swamp_monstrosity, layout_falls_marsh,
          hangedman_swamp_ruin_wall, swamp_pool1
Swamp:2:  nicolae_swamp_flooded_prison, layout_basic_swamp,
          evilmike_swamp_ruin_house_3, swamp_pool1, nicolae_swamp_dragon_and_kin
Swamp:3:  layout_basic_swamp, evilmike_swamp_ruin_rubble_2, uniq_roxanne
Swamp:4:  byrel_swamp_growth_death_and_undeath, layout_basic_swamp, swamp_pool4
Snake:1:  layout_chambers, serial_bayou_crossing, uniq_aizul, uniq_agnes
Snake:2:  layout_onion_interference, grunt_megastairs_2
Snake:3:  layout_layer_cave
Snake:4:  snake_pit_salamanders_mu, layout_cave_town, serial_shops,
          nicolae_shop_statue_plus, minmay_shop_star, serial_bayou_shore_b
Orc:1:    layout_caves, minmay_orc_treasury, uniq_sonja
Orc:2:    st_orc_rangers, layout_caves, nicolae_orc_damp_corner,
          kennysheep_orc_chapel, uniq_donald
Elf:1:    minmay_elf_arrival_summoners, layout_loops_corners, serial_shops,
          shop, evilmike_minifort, hangedman_research_thermodynamics
Elf:2:    nicolae_elf_blades_splatter_lattice [mumra_blade_entry_dagger],
          layout_loops_cross, basic_altar, serial_shops, shop, st_stairs_1,
          roderic_roman_lattice, minmay_misc_feat_ornament, lemuel_elevator,
          uniq_louise
Depths:1: layout_gridville, minmay_room_of_horrors, kennysheep_boxes,
          hell_entry, nrook_loot_triangle, st_stairs_10,
          minmay_the_grid_square_5x5_3x3_mashed
          [minmay_the_grid_square_5x5_inset,
          minmay_the_grid_square_5x5_fancy_junction,
          minmay_the_grid_square_5x5_spiral,
          minmay_the_grid_square_5x5_two_walls_a,
          minmay_the_grid_square_5x5_megaprize_diamond,
          minmay_the_grid_square_5x5_tie, minmay_the_grid_square_5x5_c,
          minmay_the_grid_square_5x5_misaligned,
          minmay_the_grid_square_5x5_tetrominoes], uniq_asterion

Skill      XL: |  1  2  3  4  5  6  7  8  9 10 11 12 13 14 15 16 |
---------------+-------------------------------------------------+-----
Staves         | 4 5 6 7 9 11 14 | 14.0
Fighting       | 3 6 10 17 19 21 23 25 26 | 26.6
Armour         | 2 3 4 6 7 9 13 15 17 19 21 23 25 26 | 26.7
Dodging        | 4 |  4.0
Throwing       | 5 6 |  6.0

Action                     |  1- 3 |  4- 6 |  7- 9 | 10-12 | 13-15 | 16-18 || total
---------------------------+-------+-------+-------+-------+-------+-------++-------
  Melee: Quarterstaff      |    95 |   124 |   354 |  1121 |   703 |       ||  2397
         Headbutt          |    17 |    20 |    71 |   342 |   372 |   167 ||   989
         Unarmed           |       |       |       |     3 |       |       ||     3
         Lajatang          |       |       |       |       |   816 |   555 ||  1371
  Throw: Javelin           |       |       |     3 |     5 |    18 |       ||    26
         Dart              |       |       |       |     4 |       |       ||     4
         Throwing net      |       |       |       |     1 |     2 |       ||     3
 Invoke: Sacrifice Experie |     1 |       |       |     1 |       |       ||     2
         Sacrifice Purity  |       |     1 |       |       |       |       ||     1
         Sacrifice Essence |       |       |     1 |     1 |       |       ||     2
         Reject Sacrifices |       |       |     1 |       |       |       ||     1
         Sacrifice Love    |       |       |       |     1 |       |       ||     1
         Apocalypse        |       |       |       |       |     1 |       ||     1
  Evoke: Wand              |       |       |       |     1 |     5 |       ||     6
         Condenser vane    |       |       |       |     1 |       |     1 ||     2
    Use: Potion            |       |     2 |       |       |       |     7 ||     9
         Scroll            |       |       |       |    16 |    22 |     5 ||    43
   Stab: Confused          |       |       |     2 |    11 |     2 |       ||    15
         Distracted        |       |       |       |     2 |     7 |     4 ||    13
         Paralysed         |       |       |       |     8 |    16 |     4 ||    28
         Invisible         |       |       |       |     6 |    11 |     8 ||    25
         Held in net/web   |       |       |       |       |     2 |       ||     2
 Armour: Ring mail         |    16 |       |       |       |       |       ||    16
         Plate armour      |    31 |    84 |   107 |   318 |   417 |   153 ||  1110
         Swamp dragon scal |       |       |       |       |       |   129 ||   129
  Dodge: Dodged            |    55 |    50 |   140 |   424 |   519 |   261 ||  1449
  Block: Other             |       |       |    40 |   138 |   177 |    86 ||   441
         Reflection        |       |       |       |    10 |    28 |     4 ||    42
